Map: [ESL] Ancient Cistern

Players

Oliveira - Winner!

  • Race: Terran Terran
  • Spawn Location: 1:00

Cyan

  • Race: Protoss Protoss
  • Spawn Location: 7:00

Event: ESL SC2 Masters 2023 Summer (Regionals)

VOD

Have the link to the VOD?

Description

Time

  • Played on: May 21, 2023, 8:50 a.m.
  • Length: 17:09

All games in this series

Show
View Real Time Build Order
Export as new Build Order

Oliveira Terran - Winner!

Build Orders:  

Get SALT Encoding   

  12  0:00  SCV  
  13  0:12  SCV  
  14  0:17  Supply Depot  
  14  0:24  SCV  
  15  0:38  SCV  
  15  0:40  Barracks  
  16  0:43  Refinery  
  16  0:50  SCV  
  16  0:54  Refinery  
  17  1:02  SCV  
  18  1:14  SCV  
  19  1:27  Reaper  
  19  1:28  Orbital Command  
  19  1:29  Supply Depot  
  20  1:42  Factory  
  20  1:53  SCV  
  21  2:00  Barracks Reactor  
  21  2:05  SCV  
  22  2:15  Command Center  
  22  2:17  SCV  
  23  2:30  Starport, SCV  
  24  2:37  Supply Depot  
  24  2:39  Widow Mine  
  24  2:42  Marine  
  27  2:49  SCV  
  28  2:55  Marine  
  29  3:03  Widow Mine, Marine  
  32  3:06  SCV  
  32  3:09  Medivac  
  35  3:13  Marine  
  35  3:18  SCV  
  37  3:21  Marine  
  37  3:25  Factory Tech Lab  
  38  3:28  Orbital Command  
  38  3:30  SCV  
  38  3:31  Marine  
  40  3:39  Marine  
  40  3:41  Starport Tech Lab  
  41  3:44  Siege Tank  
  41  3:47  SCV, Supply Depot  
  45  3:49  Marine  
  45  3:54  SCV  
  47  3:57  Marine  
  47  3:59  SCV  
  49  4:06  SCV  
  49  4:07  Marine  
  53  4:10  Raven  
  53  4:11  SCV  
  53  4:15  Marine  
  55  4:18  SCV  
  55  4:23  SCV  
  55  4:25  Marine  
  55  4:26  Supply Depot  
  55  4:30  SCV, Command Center  
  57  4:33  Siege Tank  
  57  4:35  Marine  
  57  4:38  SCV  
  62  4:47  Marine  
  62  4:48  SCV  
  62  4:51  Supply Depot  
  62  4:52  SCV  
  65  4:53  Marine  
  65  4:55  Barracks  
  66  5:01  SCV  
  66  5:04  SCV  
  66  5:06  Marine  
  69  5:09  Barracks  
  69  5:11  Marine, Engineering Bay  
  69  5:13  Supply Depot  
  70  5:15  Starport Reactor  
  70  5:16  Factory Reactor  
  70  5:17  SCV x2  
  70  5:19  Refinery  
  71  5:28  Marine  
  71  5:29  SCV x2  
  73  5:38  Terran Infantry Weapons Level 1  
  73  5:39  Barracks x2  
  73  5:41  SCV  
  74  5:42  Marine  
  74  5:43  Stimpack, Orbital Command  
  74  5:45  SCV  
  74  5:46  Marine  
  77  5:54  Marine, Refinery  
  77  5:55  SCV  
  77  5:56  Medivac  
  81  5:59  Marine, Combat Shield  
  81  6:01  SCV  
  83  6:05  Marine, Supply Depot  
  83  6:11  SCV  
  83  6:12  Marauder  
  83  6:13  Orbital Command, SCV  
  83  6:14  Marine  
  88  6:18  Medivac  
  88  6:20  Widow Mine x2  
  88  6:23  SCV  
  88  6:25  SCV  
  96  6:27  Marauder  
  96  6:28  Barracks Reactor  
  96  6:30  Barracks Tech Lab  
  96  6:31  Marine  
  99  6:34  Supply Depot  
  99  6:36  SCV  
  99  6:38  Marauder, SCV  
  103  6:40  Marine  
  103  6:41  SCV, Medivac  
  103  6:45  Supply Depot  
  107  6:48  SCV  
  107  6:50  Marauder  
  107  6:52  SCV  
  109  6:55  Marine, SCV  
  109  6:56  Marauder  
  109  6:57  Supply Depot  
  109  6:58  Marine  
  109  6:59  Marine  
  115  7:03  SCV  
  115  7:06  Marine  
  115  7:07  Marine, Supply Depot  
  118  7:11  Marine, SCV  
  120  7:17  Marauder  
  120  7:19  Marine x2  
  120  7:20  Marauder  
  120  7:25  Marine  
  115  7:32  Terran Infantry Armor Level 1  
  115  7:34  Marine  
  115  7:35  Marauder  
  122  7:37  SCV, Marine  
  122  7:40  Armory  
  122  7:41  Engineering Bay  
  122  7:42  Widow Mine  
  122  7:43  SCV  
  127  7:50  Marine  
  127  7:51  Marine, Marauder  
  120  7:53  Widow Mine  
  120  7:54  Viking x2  
  120  7:55  SCV  
  120  7:56  SCV  
  120  7:57  SCV  
  122  7:59  Marauder x2, Refinery x2, Marine x2  
  122  8:05  Widow Mine  
  130  8:07  Ghost Academy  
  130  8:08  SCV x2  
  130  8:09  Supply Depot  
  130  8:12  Marine  
  133  8:13  Supply Depot  
  133  8:14  SCV  
  133  8:17  Widow Mine, Missile Turret  
  133  8:19  Marauder  
  138  8:20  SCV  
  138  8:21  SCV  
  140  8:31  Viking x2, Concussive Shells  
  147  8:34  Terran Infantry Weapons Level 2  
  147  8:35  Marine x2  
  147  8:39  Supply Depot  
  149  8:43  Ghost x2  
  149  8:44  Marine  
  149  8:48  Ghost  
  150  8:49  SCV  
  150  8:50  SCV  
  150  8:53  Widow Mine  
  156  8:56  Command Center  
  156  8:59  SCV  
  156  9:01  Widow Mine, Marine x2, Supply Depot x2  
  156  9:02  Viking  
  163  9:04  Viking  
  163  9:08  Sensor Tower  
  165  9:12  Terran Ship Weapons Level 1  
  165  9:20  Supply Depot  
  165  9:23  Marauder x2  
  166  9:35  Barracks, Terran Infantry Armor Level 2  
  166  9:36  Barracks  
  166  9:37  Barracks, Viking  
  166  9:38  Barracks, SCV  
  168  9:39  SCV x2  
  168  9:42  Viking  
  168  9:44  Ghost  
  173  9:48  Marine  
  173  9:49  Marine  
  173  9:52  SCV, Starport  
  176  9:58  Marauder  
  176  9:59  Marauder  
  180  10:03  Supply Depot  
  180  10:05  Supply Depot  
  180  10:07  Viking  
  180  10:10  SCV x2  
  180  10:12  Viking  
  186  10:14  Marauder  
  186  10:24  Barracks Reactor, Barracks Tech Lab  
  186  10:25  Barracks Tech Lab  
  186  10:27  Missile Turret  
  186  10:30  Medivac, Viking  
  186  10:31  Planetary Fortress  
  186  10:34  Marauder, Missile Turret  
  192  10:37  Missile Turret  
  192  10:38  Marauder x2  
  192  10:41  Command Center  
  194  10:55  Terran Infantry Weapons Level 3  
  194  11:03  Refinery  
  194  11:04  Fusion Core, Command Center, Refinery  
  194  11:10  Liberator  
  193  11:19  Terran Ship Weapons Level 2  
  193  11:21  Marauder  
  190  11:35  Marine x2  
  190  11:36  Marauder x2  
  165  11:46  Marine x3, Marauder x2  
  151  11:47  Liberator x2  
  151  11:48  SCV, Marine  
  151  11:49  Marauder  
  151  11:52  SCV x2  
  151  11:53  Marine  
  157  11:57  Ghost  
  159  12:03  Ghost  
  159  12:07  SCV x2  
  143  12:12  Marine x3  
  143  12:13  Liberator, Marauder, Marine x2  
  143  12:19  Marine  
  143  12:20  Marauder, SCV x2  
  143  12:22  Advanced Ballistics  
  147  12:27  SCV  
  147  12:28  Marauder x2  
  152  12:32  Marine x2  
  152  12:35  Marine x2, Marauder  
  152  12:36  Orbital Command  
  159  12:37  SCV x3  
  159  12:38  Marine x2  
  159  12:39  Marauder  
  159  12:41  Marine  
  159  12:43  Terran Infantry Armor Level 3  
  166  12:47  Liberator  
  166  12:49  Marine  
  168  13:05  SCV  
  164  13:07  SCV  
  164  13:08  SCV  
  164  13:10  Missile Turret  
  165  13:16  Liberator  
  162  13:25  Marine x2, Marauder  
  148  13:31  Marine, Marauder  
  148  13:32  Liberator x2  
  154  13:35  Liberator  
  154  13:38  Terran Ship Weapons Level 3  
  154  13:39  Marine x2  
  161  13:44  Planetary Fortress  
  161  13:45  Marine  
  161  13:47  SCV, Marauder  
  160  13:49  Marine x2  
  160  13:50  Marine  
  160  13:51  Ghost  
  160  13:52  Marine, Ghost x2  
  164  13:56  SCV x2  
  166  14:04  Medivac  
  166  14:07  Marine  
  169  14:10  Marine x2  
  169  14:12  Missile Turret  
  169  14:15  Command Center  
  169  14:16  SCV  
  172  14:18  Ghost  
  172  14:20  Refinery  
  172  14:21  Refinery  
  172  14:23  Liberator  
  177  14:25  Sensor Tower  
  177  14:27  Medivac  
  176  14:37  Sensor Tower  
  176  14:39  Medivac x2  
  176  14:41  Marauder x2  
  176  14:45  Widow Mine  
  186  14:50  Sensor Tower  
  186  14:52  Ghost  
  188  14:55  Marine  
  188  14:57  Ghost  
  127  15:00  Medivac  
  191  15:07  Widow Mine, Medivac, Missile Turret  
  195  15:08  Command Center  
  195  15:09  Liberator  
  188  15:58  Ghost x2  
  188  16:03  Liberator, Ghost  
  197  16:06  Marauder  
  197  16:11  Command Center  
  199  16:13  Command Center  
  190  16:29  Marine x2, Marauder  
  190  16:32  Marine x2  
  199  16:37  Marine  
  199  16:38  Ghost  
  193  16:40  Marine x2  
  193  16:41  Marauder  
Show
View Real Time Build Order
Export as new Build Order

Cyan Protoss 

Build Orders: 1 Gate Expand, Colossus Rush 

Get SALT Encoding   

  12  0:00  Probe  
  13  0:12  Probe  
  14  0:17  Pylon  
  14  0:24  Probe (Chrono Boost)  
  15  0:36  Probe (Chrono Boost), Gateway  
  16  0:44  Probe (Chrono Boost)  
  16  0:46  Assimilator  
  17  0:51  Probe  
  18  1:03  Probe  
  19  1:15  Probe  
  20  1:22  Nexus  
  20  1:32  Cybernetics Core  
  20  1:34  Probe  
  20  1:39  Assimilator  
  21  1:46  Probe  
  22  1:50  Pylon  
  22  1:58  Probe  
  23  2:08  Sentry  
  25  2:09  Warp Gate  
  25  2:11  Probe (Chrono Boost)  
  26  2:21  Probe (Chrono Boost)  
  27  2:25  Probe (Chrono Boost)  
  28  2:31  Stalker  
  28  2:35  Probe (Chrono Boost)  
  31  2:40  Robotics Facility  
  31  2:43  Probe (Chrono Boost)  
  33  2:45  Probe (Chrono Boost)  
  33  2:50  Probe x2 (Chrono Boost)  
  33  2:56  Pylon  
  34  3:01  Probe x2 (Chrono Boost)  
  36  3:10  Gateway  
  36  3:13  Probe (Chrono Boost)  
  36  3:14  Probe (Chrono Boost), Stalker  
  36  3:18  Shield Battery  
  40  3:21  Probe x2 (Chrono Boost)  
  43  3:27  Probe, Observer  
  43  3:28  Probe  
  43  3:32  Gateway  
  45  3:40  Probe, Pylon  
  45  3:41  Probe  
  48  3:48  Observer (Chrono Boost)  
  48  3:52  Probe  
  48  3:53  Probe  
  50  3:58  Stalker  
  50  3:59  Pylon  
  52  4:04  Probe, Observer  
  52  4:05  Probe, Stalker  
  57  4:10  Assimilator x2  
  57  4:16  Probe  
  57  4:19  Probe  
  58  4:24  Robotics Bay  
  58  4:25  Stalker  
  58  4:28  Probe  
  58  4:29  Observer  
  61  4:31  Probe  
  62  4:40  Probe  
  62  4:44  Probe  
  64  4:48  Twilight Council  
  64  4:50  Forge  
  64  4:52  Probe, Nexus  
  64  4:56  Pylon  
  64  5:00  Sentry  
  64  5:01  Pylon  
  66  5:10  Pylon  
  66  5:11  Colossus (Chrono Boost)  
  72  5:28  Stalker x2  
  76  5:30  Stalker, Shield Battery  
  76  5:31  Protoss Ground Weapons Level 1 (Chrono Boost)  
  78  5:38  Shield Battery  
  78  5:41  Pylon, Charge  
  78  5:43  Probe  
  78  5:47  Probe  
  80  5:51  Observer  
  80  5:54  Gateway  
  80  5:57  Observer, Colossus (Chrono Boost)  
  80  6:01  Probe  
  87  6:04  Probe  
  87  6:05  Probe, Gateway  
  89  6:13  Probe  
  89  6:17  Probe, Gateway  
  91  6:18  Gateway  
  91  6:22  Probe  
  91  6:24  Gateway  
  92  6:25  Probe  
  92  6:29  Probe  
  93  6:34  Probe  
  93  6:37  Gateway  
  93  6:38  Probe  
  93  6:39  Gateway  
  95  6:40  Pylon  
  95  6:41  Probe  
  95  6:42  Colossus (Chrono Boost)  
  102  6:54  Stalker x3  
  102  6:59  Stalker  
  110  7:05  Shield Battery  
  110  7:06  Pylon  
  110  7:08  Stalker  
  112  7:10  Probe  
  112  7:12  Probe, Assimilator  
  114  7:15  Zealot  
  114  7:16  Assimilator  
  114  7:22  Blink, Zealot x2  
  112  7:35  Colossus  
  114  7:40  Zealot, Observer  
  114  7:41  Zealot x3  
  122  7:44  Protoss Ground Weapons Level 2 (Chrono Boost)  
  122  7:47  Forge  
  122  7:49  Zealot x3  
  122  7:53  Sentry  
  122  7:54  Probe  
  122  7:56  Probe  
  126  7:59  Assimilator  
  126  8:06  Nexus  
  126  8:07  Probe  
  126  8:08  Probe x2  
  126  8:09  Pylon  
  126  8:12  Templar Archives  
  129  8:16  Shield Battery  
  129  8:22  Zealot  
  129  8:23  Zealot  
  133  8:27  Protoss Ground Armor Level 1 (Chrono Boost)  
  133  8:28  Probe, Pylon, Warp Prism (Chrono Boost)  
  134  8:37  Robotics Facility  
  134  8:39  Pylon  
  134  8:42  Probe  
  134  8:46  Probe  
  134  8:48  Shield Battery  
  136  8:50  Pylon, Photon Cannon  
  136  8:51  Shield Battery  
  136  8:52  High Templar  
  136  8:53  High Templar  
  136  8:55  Probe  
  141  8:59  Photon Cannon  
  141  9:00  Disruptor (Chrono Boost)  
  141  9:01  Archon  
  141  9:08  High Templar x2  
  148  9:12  Zealot  
  148  9:13  Shield Battery  
  148  9:15  Probe x2  
  152  9:30  Probe x2, Disruptor x2  
  160  9:36  Probe x2  
  160  9:37  Assimilator  
  162  9:41  Assimilator  
  162  9:42  Archon  
  162  9:43  Photon Cannon  
  162  9:44  Protoss Ground Weapons Level 3 (Chrono Boost)  
  162  9:45  Pylon  
  160  9:46  Nexus, Pylon  
  160  9:49  Zealot  
  160  9:50  Zealot x3  
  168  10:02  Zealot x2  
  168  10:03  Pylon  
  168  10:05  Protoss Ground Armor Level 2 (Chrono Boost)  
  170  10:08  Observer (Chrono Boost)  
  173  10:14  Probe  
  173  10:15  Probe, Observer (Chrono Boost)  
  173  10:17  Probe  
  173  10:21  Dark Shrine  
  173  10:22  Photon Cannon  
  173  10:24  Shield Battery  
  173  10:25  Zealot x3, Photon Cannon  
  173  10:26  Zealot x3  
  181  10:29  Zealot  
  181  10:36  Disruptor x2  
  181  10:54  Observer  
  177  10:57  Gateway  
  177  10:59  Gateway  
  177  11:02  Gateway  
  177  11:03  Robotics Facility  
  175  11:04  Probe x2, Gateway, Shield Battery  
  175  11:05  Probe  
  175  11:06  Shield Battery  
  175  11:11  High Templar x2  
  180  11:12  Disruptor x2  
  180  11:13  Zealot x4  
  180  11:17  Archon  
  185  11:30  Zealot x4  
  135  11:42  Zealot x4  
  135  11:47  Disruptor x2, Zealot x2  
  122  11:56  Stalker x3  
  118  12:04  Zealot x5  
  118  12:07  Zealot  
  112  12:12  Zealot  
  107  12:21  High Templar x3  
  109  12:23  Disruptor x2  
  109  12:25  High Templar, Archon  
  109  12:28  Protoss Ground Armor Level 3 (Chrono Boost)  
  117  12:30  Archon  
  117  12:32  Nexus, Pylon  
  117  12:34  Dark Templar  
  119  12:37  Dark Templar  
  119  12:42  Pylon  
  121  12:45  High Templar x2, Zealot x2  
  121  12:50  Archon  
  129  12:59  Disruptor  
  129  13:03  Shield Battery  
  129  13:04  Stalker x4  
  129  13:05  Shield Battery  
  135  13:06  Shadow Stride (Chrono Boost)  
  131  13:16  Stalker x3  
  133  13:24  Stalker x2  
  133  13:25  Stalker  
  125  13:27  Observer  
  125  13:29  Protoss Shields Level 1 (Chrono Boost)  
  114  13:38  Disruptor (Chrono Boost), Stalker  
  113  13:47  Probe x3 (Chrono Boost)  
  116  13:50  Probe (Chrono Boost)  
  116  13:51  Probe (Chrono Boost)  
  117  13:59  Probe x2 (Chrono Boost)  
  117  14:02  Probe (Chrono Boost)  
  122  14:03  Probe (Chrono Boost), Disruptor (Chrono Boost)  
  122  14:04  Probe (Chrono Boost)  
  122  14:07  Probe (Chrono Boost)  
  127  14:10  Dark Templar  
  127  14:11  Probe (Chrono Boost)  
  127  14:12  Zealot  
  127  14:13  Observer (Chrono Boost)  
  127  14:14  Probe  
  127  14:15  Observer  
  136  14:18  Disruptor (Chrono Boost)  
  136  14:21  Probe  
  136  14:24  Dark Templar  
  139  14:38  Colossus x2 (Chrono Boost)  
  139  14:45  Stargate  
  149  14:48  Assimilator  
  149  14:49  Assimilator  
  149  14:52  Assimilator  
  147  14:53  Zealot  
  147  14:58  Stalker x4  
  158  15:00  Observer (Chrono Boost)  
  157  15:07  Probe  
  157  15:09  Probe  
  157  15:10  Probe x2  
  161  15:20  Nexus  
  161  15:21  Colossus  
  161  15:23  Pylon  
  167  15:30  Colossus  
  171  15:39  Stalker x3  
  170  15:47  Stalker x3  
  176  15:52  Zealot, Stalker  
  177  16:00  Stalker x2  
  173  16:05  Stalker x2  
  157  16:18  Zealot x2, Stalker  
  154  16:27  Stalker  
  129  16:51  Dark Templar  
  129  16:52  Dark Templar x6  
  143  16:59  Nexus  
  107  17:01  Pylon  
Tags
 
Add a new tag
Caveats
  • Supply blocks, unpowered buildings, or Contaminate may cause inaccurate times.
  • Supply counts are checked every 10 seconds.